 Dungeon Crawl Stone Soup version 0.20-a0-940-g1ecfa5a (webtiles) character file.

329 Firecrotchwizard the Firebug (level 6, 0/45 HPs)
             Began as a Draconian Fire Elementalist on Mar 30, 2017.
             Was a Follower of Vehumet.
             Succumbed to a big kobold's poison
             ... on level 3 of the Dungeon.
             The game lasted 00:15:36 (3717 turns).

Firecrotchwizard the Firebug (DrFE)                 Turns: 3717, Time: 00:15:36

Health: 0/45       AC: 10    Str: 14    XL:     6   Next: 25%
Magic:  5/11       EV: 12    Int: 17    God:    Vehumet [*.....]
Gold:   188        SH:  0    Dex: 12    Spells: 0/12 levels left

rFire    . . .     SeeInvis .   d - +1 dagger (flame)
rCold    . . .     Gourm    .   (no shield)
rNeg     . . .     Faith    .   (armour unavailable)
rPois    .         Spirit   .   (helmet restricted)
rElec    .         Reflect  .   h - +2 cloak
rCorr    .         Harm     .   s - +0 pair of gloves
MR       +....                  (no boots)
Stlth    ++........             (no amulet)
Regen    0.2/turn               u - +4 ring of strength
MPRegen  0.2/turn               q - ring of protection from magic

@: lethally poisoned (0 -> -27)
A: unfitting armour, cold-blooded, AC +6
a: Renounce Religion


You were on level 3 of the Dungeon.
You worshipped Vehumet.
Vehumet was aware of your devotion.
You were not hungry.

You visited 2 branches of the dungeon, and saw 5 of its levels.

You collected 188 gold pieces.

Inventory:

Hand Weapons
 c - a +0 club
 d - a +1 dagger of flaming (weapon)
 p - a +0 club of chaos
Armour
 h - a +2 cloak (worn)
 s - a +0 pair of gloves (worn)
Jewellery
 m - an uncursed ring of see invisible
 q - a ring of protection from magic (right hand)
 u - a +4 ring of strength (left hand)
Scrolls
 g - a scroll of identify
 v - a scroll of enchant armour {unknown}
Potions
 e - a potion of berserk rage
 i - a potion of flight {unknown}
 j - a potion of agility {unknown}
 n - a potion of brilliance {unknown}
 o - a potion of curing {unknown}
 r - a potion of ambrosia {unknown}
Books
 a - a book of Flames

   Spells                             Type                      Level
   a - Flame Tongue                   Conjuration/Fire             1
   b - Throw Flame                    Conjuration/Fire             2
   c - Conjure Flame                  Conjuration/Fire             3
   d - Inner Flame                    Hexes/Fire                   3
   e - Sticky Flame                   Conjuration/Fire             4
   f - Fireball                       Conjuration/Fire             5
 l - a book of Minor Magic

   Spells                             Type                      Level
   a - Magic Dart                     Conjuration                  1
   b - Blink                          Translocation                2
   c - Call Imp                       Summoning                    2
   d - Slow                           Hexes                        2
   e - Conjure Flame                  Conjuration/Fire             3
   f - Mephitic Cloud                 Conjuration/Poison/Air       3
Comestibles
 b - 5 bread rations
 f - 4 fruits
 k - a meat ration
 t - 14 chunks of flesh


   Skills:
 - Level 1.7 Dodging
 - Level 1.7 Stealth
 + Level 3.7 Spellcasting
 * Level 4.2 Conjurations
 * Level 4.3 Fire Magic


You couldn't memorise any spells.
You knew the following spells:

 Your Spells              Type           Power        Failure   Level  Hunger
a - Flame Tongue          Conj/Fire      ###..        2%          1    None
b - Conjure Flame         Conj/Fire      ###.....     10%         3    ###....
c - Sticky Flame          Conj/Fire      ###.....     30%         4    ####...
d - Magic Dart            Conj           ###.         2%          1    None
e - Mephitic Cloud        Conj/Pois/Air  #.......     30%         3    ###....


Dungeon Overview and Level Annotations

Branches:
Dungeon (4/15)             Temple (1/1) D:4

Altars:
Ashenzari
Elyvilon
Fedhas
Hepliaklqana
Qazlal
Ru
Sif Muna
Uskayaw
Vehumet
Xom
The Shining One

Annotations:
D:3 Sigmund
D:4 exclusion: phantom, Purgy


Innate Abilities, Weirdness & Mutations

Your plain brown scales are hard. (AC +6)
You cannot fit into any form of body armour.
You are cold-blooded and may be slowed by cold attacks.


Message History

* * * LOW HITPOINT WARNING * * *
You hit the big kobold. You burn the big kobold.
The big kobold is moderately wounded.
* * * LOW HITPOINT WARNING * * *
You feel sick.
A magic dart appears from out of thin air!
The magic dart hits you!
The big kobold hits you but does no damage.
You are more poisoned.
The big kobold misses you.
You closely miss the big kobold.
The big kobold is moderately wounded.
* * * LOW HITPOINT WARNING * * *
You feel sick.
The big kobold hits you but does no damage.
You are more poisoned.
The big kobold closely misses you.
You hit the big kobold. You burn the big kobold.
The big kobold is heavily wounded.
You die...

#.##≈≈#..##
#[##)##..#
######
#..)≈#..##
......
###)##..#
###### #.##..#
#####)##..#
#.....##..# ≈#
#.#####..##≈≈≈#
#.#####.@#≈≈≈≈#
#....##KK##≈≈≈#
#....###.. ≈≈#
#....'.#..# ##
#....#.##..
##...#.# ..#
#...#.# .(#
#.....# %.# ###
#)#####


You could see 2 big kobolds.

Vanquished Creatures
  An orc priest (D:3)
  Natasha (thrice) (D:3)
  An orc wizard (D:3)
  2 worker ants (D:4)
  Robin (D:3)
  3 adders
  An ooze (D:1)
  An adder skeleton (D:4)
  A worm (D:2)
  3 leopard geckos
  10 orcs
  3 giant cockroaches
  19 goblins
  5 hobgoblins
  3 jackals (D:2)
  9 kobolds
  3 quokkas (D:2)
  13 bats
  4 frilled lizards
  A quokka skeleton (D:4)
  6 rats
93 creatures vanquished.

Notes
Turn   | Place    | Note
-------+----------+-------------------------------------------
     0 | D:1      | Firecrotchwizard the Draconian Fire Elementalist began the quest for the Orb.
     0 | D:1      | Reached XP level 1. HP: 14/14 MP: 3/3
   114 | D:1      | Found a shattered altar of Ashenzari.
   167 | D:1      | Reached XP level 2. HP: 20/20 MP: 3/5
   741 | D:2      | Reached XP level 3. HP: 12/26 MP: 3/6
  1007 | D:2      | Found a deep blue altar of Sif Muna.
  1577 | D:2      | Reached XP level 4. HP: 30/33 MP: 5/8
  1602 | D:2      | Learned a level 3 spell: Conjure Flame
  1607 | D:2      | Learned a level 4 spell: Sticky Flame
  1853 | D:2      | Found a shimmering altar of Xom.
  2052 | D:3      | Noticed Robin
  2374 | D:3      | Killed Robin
  2441 | D:3      | Noticed Sigmund
  2601 | D:4      | Learned a level 1 spell: Magic Dart
  2618 | D:4      | Reached XP level 5. HP: 36/38 MP: 9/9
  2717 | D:4      | Found a staircase to the Ecumenical Temple.
  2724 | Temple   | Entered the Ecumenical Temple
  2793 | Temple   | Became a worshipper of Vehumet
  2823 | D:4      | Noticed Purgy
  2921 | D:4      | Found a white marble altar of Elyvilon.
  2958 | D:4      | Found a hide-covered altar of Uskayaw.
  3034 | D:4      | Noticed a phantom
  3116 | D:3      | Found a stormy altar of Qazlal.
  3116 | D:3      | Noticed Natasha
  3121 | D:3      | Killed Natasha
  3209 | D:3      | Noticed Natasha
  3212 | D:3      | Killed Natasha
  3223 | D:3      | Found a blossoming altar of Fedhas.
  3439 | D:3      | Reached XP level 6. HP: 42/45 MP: 0/11
  3531 | D:3      | Learned a level 3 spell: Mephitic Cloud
  3605 | D:3      | Reached * piety under Vehumet
  3605 | D:3      | Offered knowledge of Sandblast by Vehumet.
  3690 | D:3      | Noticed Natasha
  3697 | D:3      | Killed Natasha
  3716 | D:3      | HP: 2/45 [poisoned by a big kobold]
  3717 | D:3      | Succumbed to a big kobold's poison

Vault maps used:
D:1:      roderic_dead_forest, nicolae_ashenzari_panopticon
D:2:      lemuel_crystal_altar, tgw_xom, minmay_misc_feat_x
D:3:      cheibrodos_thug_alley, grunt_temple_overflow_forces_of_nature,
          uniq_sigmund, uniq_robin, uniq_natasha
D:4:      eat_drink_and_be_merry_uskayaw, nicolae_overflow_hidden_temple,
          temple_green, first_bread, uniq_purgy
Temple:   nicolae_temple_figure_zero

Skill      XL: |  1  2  3  4  5 |
---------------+----------------+-----
Conjurations   | 2 3 4 |  4.2
Spellcasting   | 3 |  3.7
Fire Magic     | 4 |  4.3
Dodging        | |  1.7
Stealth        | |  1.7

Action                   |  1- 3 |  4- 6 || total
-------------------------+-------+-------++-------
Melee: Unarmed           |     2 |       ||     2
       Club              |    10 |    22 ||    32
       Dagger            |    57 |    75 ||   132
       Tailslap          |     3 |     7 ||    10
 Cast: Flame Tongue      |    37 |    79 ||   116
       Magic Dart        |       |     8 ||     8
  Use: Scroll            |       |     5 ||     5
 Stab: Sleeping          |     2 |       ||     2
  Eat: Chunk             |     2 |     7 ||     9
       Fruit             |       |     1 ||     1
Armor: Skin              |    35 |    40 ||    75
Dodge: Dodged            |    63 |    86 ||   149
